Map: 2000 Atmospheres LE

Players

Lambo

  • Race: Zerg Zerg

Zest - Winner!

  • Race: Protoss Protoss

Event: IEM Katowice 2022

VOD

Have the link to the VOD?

Description

Time

  • Played on: Feb. 25, 2022, 9:56 a.m.
  • Length: 9:52

All games in this series

Show
View Real Time Build Order
Export as new Build Order

Lambo Zerg 

Build Orders: Hatch First 

Get SALT Encoding   

  12  0:00  Drone  
  13  0:12  Overlord  
  13  0:17  Drone  
  14  0:31  Drone x2  
  16  0:36  Drone  
  17  0:51  Hatchery  
  17  0:54  Drone  
  17  0:57  Drone  
  18  1:09  Extractor  
  17  1:12  Spawning Pool  
  17  1:17  Drone  
  17  1:20  Drone  
  18  1:31  Drone  
  19  1:38  Drone  
  20  1:51  Overlord  
  20  1:59  Queen  
  22  2:05  Queen  
  22  2:06  Drone, Zergling x2  
  26  2:13  Metabolic Boost  
  26  2:15  Drone  
  27  2:16  Drone  
  27  2:21  Drone  
  29  2:25  Drone  
  30  2:35  Hatchery  
  29  2:37  Drone  
  29  2:42  Drone  
  31  2:44  Overlord  
  31  2:48  Drone  
  32  2:51  Queen  
  32  2:56  Drone  
  32  2:57  Drone  
  36  3:03  Queen  
  36  3:05  Zergling x2  
  39  3:07  Overlord  
  39  3:12  Drone  
  40  3:13  Drone x2  
  40  3:16  Overlord  
  42  3:21  Drone x2  
  45  3:27  Drone  
  45  3:28  Drone  
  45  3:30  Queen  
  45  3:34  Zergling x4  
  50  3:40  Drone  
  51  3:43  Drone, Overlord  
  51  3:47  Queen  
  54  3:51  Spore Crawler, Drone  
  54  3:54  Spore Crawler, Drone  
  54  3:55  Drone  
  55  3:57  Drone  
  55  4:01  Overlord  
  55  4:02  Drone  
  57  4:05  Drone x2  
  57  4:07  Drone  
  57  4:08  Drone  
  57  4:09  Drone  
  62  4:12  Drone  
  62  4:14  Drone  
  62  4:16  Drone  
  61  4:21  Queen  
  61  4:23  Drone  
  64  4:28  Overlord  
  64  4:29  Drone x3  
  67  4:35  Roach Warren, Drone  
  67  4:36  Drone  
  68  4:38  Drone  
  68  4:41  Queen  
  68  4:44  Spore Crawler  
  70  4:50  Drone  
  70  4:51  Drone x5  
  70  4:52  Drone  
  77  4:54  Drone x2  
  79  5:02  Drone x3  
  79  5:05  Extractor  
  81  5:07  Lair, Extractor x2  
  81  5:08  Extractor  
  81  5:11  Drone x4  
  82  5:15  Overlord  
  82  5:17  Evolution Chamber  
  82  5:18  Drone  
  82  5:20  Overlord  
  82  5:21  Overlord  
  82  5:23  Spore Crawler  
  82  5:26  Overlord  
  80  5:36  Overlord  
  80  5:37  Extractor  
  80  5:38  Roach x5  
  80  5:41  Roach x3  
  95  5:45  Roach x2  
  95  5:48  Roach  
  101  5:51  Roach x2  
  101  5:52  Overlord  
  106  5:59  Zergling x12  
  106  6:02  Zergling x2  
  106  6:03  Ravager x3  
  106  6:04  Overlord  
  113  6:06  Ravager  
  113  6:09  Zergling x8  
  118  6:13  Ravager  
  119  6:19  Queen x2  
  119  6:21  Zergling x8  
  119  6:23  Ravager x2  
  119  6:24  Zergling x2  
  119  6:25  Zergling x2  
  131  6:28  Ravager  
  131  6:31  Zergling x10  
  137  6:34  Overlord  
  137  6:37  Overlord, Ravager  
  138  6:40  Overlord  
  138  6:42  Queen  
  136  6:50  Ravager x2  
  134  6:57  Zergling x10  
  134  6:58  Queen x2, Zergling x2  
  137  7:08  Zergling x6  
  131  7:15  Ravager x2  
  129  7:18  Queen, Zergling x12  
  129  7:24  Hydralisk Den  
  129  7:28  Drone x2  
  126  7:30  Drone  
  126  7:34  Queen x2, Zergling x2  
  124  7:40  Drone x2  
  124  7:42  Spire  
  114  7:44  Drone  
  114  7:45  Extractor  
  114  7:49  Drone  
  114  7:51  Drone  
  99  7:53  Queen  
  99  7:54  Drone x3  
  99  7:57  Drone  
  94  8:04  Drone  
  95  8:06  Glial Reconstitution  
  95  8:10  Queen x2  
  95  8:12  Hatchery  
  98  8:29  Queen  
  93  8:45  Queen  
  90  8:54  Corruptor x8  
  90  8:55  Corruptor x5  
  112  8:59  Corruptor  
  116  9:05  Queen  
  118  9:11  Corruptor x2  
  116  9:20  Corruptor  
  116  9:22  Extractor  
  113  9:25  Extractor  
  112  9:41  Infestation Pit  
Show
View Real Time Build Order
Export as new Build Order

Zest Protoss - Winner!

Build Orders: 1 Gate Expand, Oracle Opening 

Get SALT Encoding   

  12  0:00  Probe  
  13  0:12  Probe  
  14  0:19  Pylon  
  14  0:24  Probe  
  15  0:37  Probe (Chrono Boost)  
  15  0:39  Gateway  
  16  0:46  Probe (Chrono Boost)  
  16  0:49  Assimilator  
  17  0:51  Probe (Chrono Boost)  
  18  1:03  Probe  
  19  1:15  Probe  
  20  1:27  Nexus  
  20  1:36  Cybernetics Core  
  21  1:40  Probe  
  21  1:44  Assimilator  
  21  1:52  Probe  
  22  1:55  Pylon  
  22  2:04  Probe (Chrono Boost)  
  23  2:13  Adept  
  23  2:14  Probe (Chrono Boost)  
  26  2:17  Stargate  
  26  2:19  Probe (Chrono Boost)  
  27  2:25  Warp Gate  
  27  2:32  Probe (Chrono Boost)  
  28  2:39  Probe (Chrono Boost)  
  28  2:43  Adept  
  32  2:48  Probe x2 (Chrono Boost)  
  33  2:51  Void Ray (Chrono Boost)  
  33  2:54  Probe (Chrono Boost)  
  33  2:55  Probe  
  39  3:06  Probe  
  39  3:07  Probe  
  39  3:08  Pylon  
  41  3:15  Gateway  
  41  3:18  Probe  
  43  3:20  Probe  
  43  3:24  Oracle (Chrono Boost)  
  46  3:30  Probe  
  46  3:32  Probe  
  48  3:42  Probe  
  48  3:44  Probe  
  48  3:48  Nexus  
  50  3:52  Pylon  
  51  3:55  Probe  
  51  3:56  Probe  
  51  3:59  Assimilator  
  51  4:01  Assimilator  
  52  4:07  Probe  
  52  4:08  Probe  
  54  4:19  Protoss Air Weapons Level 1, Stargate  
  54  4:20  Probe (Chrono Boost)  
  54  4:21  Probe (Chrono Boost)  
  54  4:22  Pylon  
  56  4:29  Void Ray  
  58  4:31  Forge, Probe (Chrono Boost)  
  58  4:32  Probe (Chrono Boost)  
  58  4:38  Probe x2 (Chrono Boost)  
  64  4:50  Probe x2  
  66  4:54  Assimilator  
  66  4:55  Shield Battery  
  66  4:59  Assimilator  
  66  5:00  Probe (Chrono Boost)  
  66  5:02  Probe (Chrono Boost)  
  66  5:04  Void Ray  
  66  5:06  Probe (Chrono Boost)  
  66  5:07  Void Ray  
  69  5:12  Probe (Chrono Boost)  
  69  5:13  Probe (Chrono Boost)  
  80  5:17  Probe x2 (Chrono Boost)  
  80  5:18  Probe (Chrono Boost)  
  80  5:20  Pylon  
  82  5:26  Probe  
  82  5:27  Probe  
  84  5:28  Probe  
  84  5:30  Stargate  
  84  5:33  Fleet Beacon  
  85  5:38  Probe  
  85  5:39  Probe  
  85  5:41  Probe  
  85  5:42  Pylon  
  88  5:43  Photon Cannon  
  88  5:50  Probe  
  89  5:58  Photon Cannon  
  89  6:00  Shield Battery  
  89  6:02  Void Ray x2 (Chrono Boost)  
  89  6:09  Photon Cannon  
  89  6:10  Shield Battery  
  94  6:14  Photon Cannon  
  94  6:15  Photon Cannon  
  99  6:19  Tempest (Chrono Boost), Shield Battery  
  99  6:20  Shield Battery  
  99  6:23  Pylon  
  99  6:27  Shield Battery  
  99  6:38  Pylon  
  99  6:39  Shield Battery  
  99  6:41  Shield Battery  
  99  6:45  Tempest (Chrono Boost)  
  99  6:46  Stalker  
  106  6:55  Tempest x2 (Chrono Boost)  
  106  6:58  Stalker  
  112  7:07  Shield Battery  
  110  7:09  Shield Battery  
  110  7:22  Photon Cannon  
  110  7:25  Zealot x2  
  110  7:29  Tempest (Chrono Boost)  
  117  7:30  Cybernetics Core  
  117  7:33  Tempest (Chrono Boost)  
  106  7:59  Flux Vanes, Probe x2  
  106  8:01  Pylon  
  106  8:03  Probe  
  106  8:04  Pylon x2  
  109  8:05  Pylon  
  109  8:11  Photon Cannon  
  109  8:14  Nexus  
  109  8:22  Carrier (Chrono Boost)  
  122  8:30  Pylon, Carrier (Chrono Boost)  
  122  8:37  Carrier (Chrono Boost)  
  130  9:25  Probe x2  
  130  9:26  Photon Cannon  
  130  9:28  Shield Battery  
  130  9:29  Assimilator  
  132  9:35  Assimilator  
  131  9:40  Stargate  
  131  9:42  Stargate  
  131  9:43  Pylon  
  131  9:44  Pylon  

Tags
 
Add a new tag
Caveats
  • Supply blocks, unpowered buildings, or Contaminate may cause inaccurate times.
  • Supply counts are checked every 10 seconds.